 Dungeon Crawl Stone Soup version 0.27.0 (webtiles) character file.

Game seed: 2943789331992265821

34838 Anothat the Brawler (level 13, -1/119 HPs)
             Began as a Troll Monk on July 30, 2021.
             Was a High Priest of Ru.
             Slain by a boulder beetle (6 damage)
             ... on level 6 of the Lair of Beasts on July 31, 2021.
             The game lasted 00:35:45 (12146 turns).

Anothat the Brawler (Troll Monk)                   Turns: 12146, Time: 00:35:45

Health: -1/119     AC: 10    Str: 26    XL:     13   Next: 44%
Magic:  12/12      EV: 13    Int:  6    God:    Ru [*****.]
Gold:   380        SH:  0    Dex: 12    Spells: 9/12 levels left

rFire    . . .     SeeInvis .     - Unarmed
rCold    + + +     Faith    .   (no shield)
rNeg     . . .     Spirit   .   q - +1 robe {rC+}
rPois    .         Reflect  .   (helmet restricted)
rElec    .         Harm     .   b - +2 cloak {Will+}
rCorr    .         Rampage  .   (gloves unavailable)
Will     +....                  (boots unavailable)
Stlth    ..........             o - amulet of the acrobat
HPRegen  1.29/turn              f - ring of protection from cold
MPRegen  0.13/turn              B - ring of protection from cold

@: no status effects
A: large, unfitting armour, claws 3, regeneration 1, shaggy fur 1, tough skin 1,
no stealth, inability to use devices, inability to train armour, no conjurations
magic, no fire magic, no transmutations magic, iridescent scales 1, frail 1
a: Renounce Religion, Draw Out Power, Power Leap, Apocalypse


You were on level 6 of the Lair of Beasts.
You worshipped Ru.
Ru was extremely pleased with you.
You visited 2 branches of the dungeon, and saw 16 of its levels.
You also visited: Ice Cave.

You collected 876 gold pieces.
You spent 496 gold pieces at shops.

Inventory:

Armour
 a - a +1 robe
 b - a +2 cloak of willpower (worn)
 q - a +1 robe of cold resistance (worn)
 G - +0 ice dragon scales
Jewellery
 c - a ring of protection from fire
 f - a ring of protection from cold (left claw)
 h - a ring of wizardry
 o - an amulet of the acrobat (around neck)
 t - a +4 ring of evasion
 v - a +6 ring of dexterity
 y - an amulet of faith
 z - a ring of willpower
 B - a ring of protection from cold (right claw)
Scrolls
 i - 5 scrolls of teleportation
 j - a scroll of torment {unknown}
 k - a scroll of fear
 l - 3 scrolls of enchant weapon
 m - 2 scrolls of amnesia
 p - 3 scrolls of fog
 u - a scroll of magic mapping
 C - 3 scrolls of holy word
 F - 2 scrolls of identify
Potions
 d - 2 potions of magic
 e - a potion of berserk rage
 g - a potion of lignification
 n - a potion of brilliance
 s - 2 potions of ambrosia
 x - 2 potions of curing
 D - a potion of degeneration
 E - 2 potions of resistance


   Skills:
 + Level 10.2 Fighting
 + Level 10.2 Dodging
 * Level 15.9 Unarmed Combat


You had 9 spell levels left.
You knew the following spells:

 Your Spells              Type           Power      Damage    Failure   Level
a - Vampiric Draining     Necr           0%         2d6       83%         3

Your spell library contained the following spells:

 Spells                   Type           Power      Damage    Failure   Level
 Sandblast                Erth           0%         2d4       45%         1
 Call Imp                 Summ           0%         N/A       58%         2
 Slow                     Hex            0%         N/A       58%         2
 Sublimation of Blood     Necr           0%         N/A       58%         2
 Confusing Touch          Hex            0%         N/A       83%         3
 Summon Lightning Spire   Summ/Air       0%         N/A       99%         4
 Lee's Rapid Deconstruct  Erth           0%         3d5*      100%        5
 Simulacrum               Ice/Necr       0%         N/A       100%        6
 Maxwell's Capacitive Co  Air            0%         ∞         100%        8
 Polar Vortex             Ice            0%         N/A       100%        9
 Magic Dart               Conj           Unusable   1d3       N/A         1
 Passwall                 Tmut/Erth      Unusable   N/A       N/A         2
 Mephitic Cloud           Conj/Pois/Air  Unusable   N/A       N/A         3
 Petrify                  Tmut/Erth      Unusable   N/A       N/A         4
 Freezing Cloud           Conj/Ice/Air   Unusable   6-21      N/A         5
 Irradiate                Conj/Tmut      Unusable   3d13      N/A         5
 Storm Form               Tmut/Air       Unusable   N/A       N/A         7

Dungeon Overview and Level Annotations

Branches:
Dungeon (10/15)            Temple (0/1) D:5            Lair (6/6) D:9
    Orc (0/2) D:9           IceCv (visited)
  Swamp: Lair:2-4    Shoals: Lair:2-4     Snake: Lair:2-4    Spider: Lair:2-4
  Slime: Lair:5-6

Altars:
Cheibriados
Gozag
Makhleb
Ru
Trog
Vehumet
Yredelemnul
The Shining One

Shops:
D:2 *   D:7 !   D:10 *

Annotations:
Lair:3 Urug
Lair:5 exclusion: 4 oklob plants


Innate Abilities, Weirdness & Mutations

You are too large for most types of armour.
You have claws for hands.
Your natural rate of healing is unusually fast.
You are covered in fur. (AC +1)
You have tough skin. (AC +1)
You cannot be stealthy.
You cannot study or use magical devices.
You cannot train Armour skill.
You cannot study or cast Conjurations magic.
You cannot study or cast Fire magic.
You cannot study or cast Transmutations magic.
You are partially covered in iridescent scales. (AC +2)
You are frail. (-10% HP)


Message History

You focus your inner power and slow the boulder beetle in retribution!
You claw the boulder beetle!
The boulder beetle is lightly wounded.
The black mamba barely misses you.
You scratch the boulder beetle but do no damage.
The boulder beetle is lightly wounded.
The black mamba is no longer moving slowly.
The black mamba barely misses you.
The boulder beetle bites you but does no damage.
You scratch the boulder beetle but do no damage.
The boulder beetle is lightly wounded.
The black mamba closely misses you.
You claw the boulder beetle!
You claw the boulder beetle, but do no damage.
The boulder beetle is moderately wounded.
The black mamba is stunned by your conviction and fails to attack.
The cane toad barely misses you. The boulder beetle barely misses you.
The black mamba bites you.
You mangle the boulder beetle!!
The boulder beetle is heavily wounded.
The cane toad closely misses you. The black mamba bites you!
You scratch the boulder beetle but do no damage.
Your claw misses the boulder beetle.
The boulder beetle is heavily wounded.
The black mamba bites you!
You are poisoned.
The black mamba poisons you! The cane toad stings you!
The boulder beetle bites you!!
* * * LOW HITPOINT WARNING * * *
You feel better.
The black mamba is stunned by your conviction and fails to attack.
The cane toad stings you!
* * * LOW HITPOINT WARNING * * *
The black mamba is stunned by your conviction and fails to attack.
You claw the black mamba!
You kill the black mamba!
The cane toad stings you!
* * * LOW HITPOINT WARNING * * *
The boulder beetle bites you.
You die...

#*≈≈≈,,≈≈≈≈,,≈≈≈≈≈*,,,*,***,,,,*,
#*,,≈≈≈≈,,,,*,,,,,*,,,,,,*,,,*,,*
#**,,,,,,******,*,,,*,,.,,,,,****
####*,*,### *******,..,,,,,****
...######.###########...***,,,**,
...........#............,,,,,,**,
....#......##..(......,,,,,,,,*,,
......#...###P..FB.#○,,,*,,,,,**,
.......######P..@†#,,,****,,,,***
......P.##P.......#...,,,*,,,,,*,
....PP.................,,,,,,,,,,
..###......#.P.#....###,*,,*,,,,,
### #.############### **,********
### ***


You could see a boulder beetle (slow) and a cane toad.

Vanquished Creatures
  Josephine (Lair:4)
  A hydra (Lair:4)
  A boulder beetle (Lair:6)
  2 catoblepae
  2 two-headed ogres
  10 elephants
  2 black mambas
  2 ice statues (IceCv)
  An unseen horror (D:9)
  9 cane toads
  3 rime drakes (Lair:5)
  7 ice devils (IceCv)
  2 anaconda simulacra (IceCv)
  10 komodo dragons
  An entropy weaver simulacrum (IceCv)
  A polar bear (Lair:5)
  7 blink frogs
  18 dream sheep
  2 wyverns
  27 yaks
  A basilisk (Lair:6)
  5 wraiths (Lair:4)
  A steam dragon (D:7)
  A death yak simulacrum (IceCv)
  Edmund (D:5)
  10 water moccasins
  2 ice beasts (D:5)
  2 sky beasts (D:7)
  A necrophage (D:5)
  An orc warrior (D:10)
  A black bear (Lair:5)
  7 wolves
  3 ogres
  A centaur (D:7)
  A phantom (D:3)
  5 kobold brigands
  2 two-headed ogre simulacra (IceCv)
  10 bullfrogs
  A cane toad simulacrum (IceCv)
  2 scorpions
  A wyvern zombie (D:9)
  A water moccasin zombie (D:6)
  11 killer bees
  2 elephant simulacra (IceCv)
  2 howler monkeys
  8 wights
  A bullfrog zombie (D:6)
  A centaur zombie (D:7)
  4 orc priests
  3 jellies
  2 gnoll shamans
  2 hounds
  Ijyb (D:3)
  Natasha (twice) (D:4)
  3 iguanas
  6 orc wizards
  4 hell rats (Lair:5)
  3 troll simulacra (IceCv)
  A polar bear simulacrum (IceCv)
  A spriggan simulacrum (IceCv)
  3 killer bee zombies
  2 wolf simulacra (IceCv)
  A howler monkey zombie (D:5)
  18 gnolls
  8 adders
  2 naga simulacra (IceCv)
  A shadow imp (D:7)
  13 white imps
  4 ufetubi (IceCv)
  2 worms (D:3)
  4 dart slugs
  18 orcs
  6 ball pythons
  6 endoplasms
  3 giant cockroaches (D:3)
  8 goblins
  9 hobgoblins
  9 jackals
  33 kobolds
  3 quokkas
  3 bats
  4 frilled lizards
  A quokka skeleton (D:4)
  4 rats
391 creatures vanquished.

Vanquished Creatures (others)
  A reaper (IceCv)
  A komodo dragon (Lair:1)
  An ufetubus (IceCv)
  26 fungi
  50 plants
  4 toadstools (D:1)
  A withered plant (Lair:6)
84 creatures vanquished.

Grand Total: 475 creatures vanquished

Notes
Turn   | Place    | Note
-------+----------+-------------------------------------------
     0 | D:1      | Anothat the Troll Monk began the quest for the Orb.
     0 | D:1      | Reached XP level 1. HP: 22/22 MP: 0/0
   158 | D:1      | Reached XP level 2. HP: 29/29 MP: 1/1
   197 | D:1      | Found a faded altar of an unknown god.
   228 | D:1      | Became a worshipper of Ru the Awakened
   649 | D:2      | Reached XP level 3. HP: 36/36 MP: 2/2
   784 | D:2      | Found Tiqes's General Store.
   828 | D:2      | Reached skill level 4 in Unarmed Combat
   832 | D:2      | Reached XP level 4. HP: 39/44 MP: 3/3
  1827 | D:3      | Reached XP level 5. HP: 53/53 MP: 4/4
  1837 | D:3      | Noticed Ijyb
  1852 | D:3      | Killed Ijyb
  1956 | D:3      | Noticed a phantom
  1971 | D:3      | Killed a phantom
  1972 | D:3      | Reached skill level 5 in Unarmed Combat
  2678 | D:4      | Reached XP level 6. HP: 59/61 MP: 5/5
  2909 | D:4      | Found a snail-covered altar of Cheibriados.
  2909 | D:4      | Noticed Natasha
  2921 | D:4      | Killed Natasha
  3133 | D:4      | Noticed Natasha
  3147 | D:4      | Killed Natasha
  3214 | D:5      | Entered Level 5 of the Dungeon
  3241 | D:5      | Noticed an ice beast
  3242 | D:5      | Found a basalt altar of Yredelemnul.
  3252 | D:5      | Killed an ice beast
  3253 | D:5      | Reached skill level 6 in Unarmed Combat
  3256 | D:5      | Reached XP level 7. HP: 46/70 MP: 6/6
  3314 | D:5      | Reached skill level 7 in Unarmed Combat
  3449 | D:5      | Found a staircase to the Ecumenical Temple.
  3476 | D:5      | Reached XP level 8. HP: 44/79 MP: 7/7
  3629 | D:5      | Noticed Edmund
  3639 | D:5      | Killed Edmund
  3744 | D:5      | Found a sand-covered staircase.
  3977 | D:6      | Reached skill level 8 in Unarmed Combat
  4007 | D:6      | Reached skill level 5 in Fighting
  4052 | D:6      | Reached skill level 5 in Dodging
  4100 | D:6      | Identified the +4 dagger "Burphozuy" {flame, rF+ Int+4
                  | Dex+4}
  4389 | D:6      | Found a burning altar of Makhleb.
  4581 | D:7      | Reached skill level 9 in Unarmed Combat
  4581 | D:7      | Reached XP level 9. HP: 83/88 MP: 8/8
  4890 | D:7      | Identified a scroll of acquirement
  4890 | D:7      | Acquired a +2 cloak of willpower
  4976 | D:7      | Gained mutation: You cannot study or use magical devices.
                  | [Ru sacrifice]
  4976 | D:7      | Reached * piety under Ru
  4976 | D:7      | Reached ** piety under Ru
  5026 | D:7      | Found a radiant altar of Vehumet.
  5031 | D:7      | Found an opulent altar of Gozag.
  5353 | D:7      | Reached skill level 10 in Unarmed Combat
  5723 | D:7      | Found Uziwaf's Distillery.
  5728 | D:7      | Bought a potion of heal wounds for 60 gold pieces
  5728 | D:7      | Bought a potion of curing for 36 gold pieces
  5728 | D:7      | Bought a potion of curing for 36 gold pieces
  5728 | D:7      | Bought a potion of heal wounds for 60 gold pieces
  5728 | D:7      | Bought a potion of might for 48 gold pieces
  6233 | D:8      | Found a glowing golden altar of the Shining One.
  6242 | D:8      | Found a bloodstained altar of Trog.
  6617 | D:9      | Noticed a two-headed ogre
  6627 | D:8      | Killed a two-headed ogre
  6628 | D:8      | Reached XP level 10. HP: 65/100 MP: 9/9
  6824 | D:9      | Reached skill level 11 in Unarmed Combat
  6982 | D:9      | Found a staircase to the Orcish Mines.
  7263 | D:9      | Found a staircase to the Lair.
  7355 | D:10     | Entered Level 10 of the Dungeon
  7355 | D:10     | Found Ojayg's Assorted Antiques.
  7419 | D:10     | Bought a potion of invisibility for 256 gold pieces
  7467 | D:10     | Noticed a two-headed ogre
  7474 | D:10     | Killed a two-headed ogre
  7511 | D:10     | Noticed a seven-headed hydra
  7511 | D:10     | Noticed a seven-headed hydra
  7514 | D:10     | Noticed a brown ugly thing
  7709 | Lair:1   | Entered Level 1 of the Lair of Beasts
  7713 | Lair:1   | Gained mutation: You cannot train Armour skill. [Ru
                  | sacrifice]
  7713 | Lair:1   | Reached *** piety under Ru
  7895 | Lair:1   | Noticed a cane toad
  7908 | Lair:1   | Killed a cane toad
  7909 | Lair:1   | Reached skill level 12 in Unarmed Combat
  8090 | Lair:1   | Noticed a six-headed hydra
  8104 | Lair:1   | HP: 4/102 [14-headed hydra (14)]
  8203 | Lair:2   | Reached XP level 11. HP: 76/109 MP: 10/10
  8517 | Lair:2   | Noticed a seven-headed hydra
  8522 | Lair:2   | Learned a level 3 spell: Vampiric Draining
  8541 | Lair:3   | Noticed Urug
  8851 | Lair:4   | Reached skill level 13 in Unarmed Combat
  9409 | Lair:4   | Reached XP level 12. HP: 51/122 MP: 11/11
  9609 | Lair:4   | Noticed a four-headed hydra
  9622 | Lair:4   | Killed an 11-headed hydra
  9777 | Lair:4   | Gained mutation: You cannot study or cast Fire magic. [Ru
                  | sacrifice]
  9777 | Lair:4   | Gained mutation: You cannot study or cast Transmutations
                  | magic. [Ru sacrifice]
  9777 | Lair:4   | Gained mutation: You cannot study or cast Conjurations
                  | magic. [Ru sacrifice]
  9777 | Lair:4   | Reached **** piety under Ru
  9777 | Lair:4   | Reached ***** piety under Ru
  9784 | Lair:4   | Reached skill level 14 in Unarmed Combat
  9803 | Lair:4   | Noticed Josephine
  9819 | Lair:4   | Killed Josephine
  9908 | Lair:4   | You fall into a shaft and drop 2 floors!
  9908 | Lair:6   | Entered Level 6 of the Lair of Beasts
  9944 | Lair:6   | Noticed a catoblepas
  9952 | Lair:6   | Killed a catoblepas
  9975 | Lair:6   | Found a frozen archway.
 10015 | IceCv    | Entered an ice cave
 10484 | IceCv    | Noticed a reaper
 10498 | IceCv    | Killed a reaper
 10499 | IceCv    | Reached skill level 15 in Unarmed Combat
 10530 | IceCv    | Identified the +9 battleaxe of the Singing Puffin {freeze,
                  | Will+ Int+3}
 11077 | Lair:5   | Noticed a four-headed hydra
 11221 | Lair:4   | Gained mutation: You are partially covered in iridescent
                  | scales. (AC +2) [potion of mutation]
 11221 | Lair:4   | Gained mutation: Your body sometimes deteriorates upon
                  | taking damage. [potion of mutation]
 11221 | Lair:4   | Lost mutation: You are partially covered in iridescent
                  | scales. (AC +2) [potion of mutation]
 11222 | Lair:4   | Lost mutation: Your body sometimes deteriorates upon taking
                  | damage. [potion of mutation]
 11222 | Lair:4   | Gained mutation: You are frail. (-10% HP) [potion of
                  | mutation]
 11222 | Lair:4   | Gained mutation: You are partially covered in iridescent
                  | scales. (AC +2) [potion of mutation]
 11386 | Lair:5   | Reached XP level 13. HP: 97/119 MP: 12/12
 11733 | Lair:5   | Reached skill level 10 in Fighting
 11737 | Lair:5   | Reached skill level 10 in Dodging
 11790 | Lair:5   | Gained mutation: You cannot be stealthy. [Ru sacrifice]
 12146 | Lair:6   | HP: 5/119 [cane toad (11)]
 12146 | Lair:6   | Slain by a boulder beetle

Illustrated notes

Levels and vault maps discovered:
D:1:      ldierk_water_garden, layout_loops_ring,
          chequers_ecumenical_altar_simple
D:2:      layout_basic, serial_shops, shop
D:3:      minmay_spotlight, layout_basic, serial_bayou_pond_d, minmay_unequal,
          uniq_ijyb
D:4:      layout_gridville, kennysheep_slug_shrine, uniq_natasha
D:5:      layout_cave_pools, minmay_temple_entry_junction_2,
          lightli_ossuary_entry_decrepit_ruins, minmay_statues_item,
          minmay_ruined_shrine, uniq_edmund
D:6:      layout_gridville, mainiacjoe_overflow_alcove_4,
          minmay_misc_feat_diagonals
D:7:      layout_layer_cave, grunt_temple_overflow_open, serial_shops,
          kennysheep_little_box
D:8:      layout_basic, mainiacjoe_overflow_swirl, fungi_pond_lemuel
D:9:      layout_basic, lair_entry_dummy, orc_0_dummy, minivault_19
D:10:     minmay_bloctagon_deflated, layout_basic, serial_shops,
          nicolae_stop_n_shop_2, minmay_stone_trees_medium
Lair:1:   layout_gridlike, st_stairs_8, serial_bayou_lagoon_a,
          beast_lair_carwin_9, infiniplex_staircase_pool_2
Lair:2:   lemuel_slime, layout_loops_ring, hangedman_tree_tricks
Lair:3:   layout_cave_shapes, elwin_shoals_entry_rooms, beast_lair_carwin_4,
          uniq_urug
Lair:4:   layout_regular_city, nicolae_spider_entry_orb_guardian,
          chequers_serial_rivers_micro_b, serial_bayou_shore_b, uniq_josephine
Lair:5:   layout_long_grid, slime_altar_1, serial_bayou_shore_a,
          minmay_lair_oklob_chamber
Lair:6:   due_jungle_book, layout_regular_city, nicolae_volcano_entry_vermiform,
          portal_ice_cave_entry_imps, lemuel_fruit_fields

Skill      XL: |  1  2  3  4  5  6  7  8  9 10 11 12 13 |
---------------+----------------------------------------+-----
Unarmed Combat | 4 5 6 7 9 10 12 13 15 | 15.9
Fighting       | 3 4 5 6 7 8 9 10 | 10.2
Dodging        | 3 4 5 6 7 8 9 10 | 10.2
Stealth        | 0 |  0.0

Action                   |  1- 3 |  4- 6 |  7- 9 | 10-12 | 13-15 || total
-------------------------+-------+-------+-------+-------+-------++-------
Melee: Unarmed           |    80 |   152 |   311 |   572 |   137 ||  1252
       Punch             |       |     5 |     8 |    39 |    24 ||    76
Throw: Throwing net      |       |       |       |     2 |       ||     2
Invok: Reject Sacrifices |     1 |       |       |       |       ||     1
       Sacrifice Artific |       |       |     1 |       |       ||     1
       Sacrifice Durabil |       |       |       |     1 |       ||     1
       Sacrifice Arcana  |       |       |       |     1 |       ||     1
       Sacrifice Stealth |       |       |       |       |     1 ||     1
  Use: Scroll            |       |       |    15 |    12 |       ||    27
       Potion            |       |       |       |    14 |     1 ||    15
 Stab: Sleeping          |     3 |     3 |     1 |     1 |       ||     8
       Invisible         |       |       |     1 |     9 |     1 ||    11
       Distracted        |       |       |       |       |     2 ||     2
Armor: Robe              |    19 |    26 |    37 |   141 |    40 ||   263
Dodge: Dodged            |    32 |    95 |   242 |   508 |    89 ||   966
